 Dungeon Crawl Stone Soup version bcrawl-1.12-11-gb93c957c58 (console) character file.

Game seed: 16625333844049920617

7247 Lexodia the Basher (level 11, -3/72 HPs)
             Began as a Gargoyle Archaeologist on July 3, 2019.
             Was a Follower of Ashenzari.
             Slain by an orc warrior
             ... wielding a +0 mace
              (16 damage)
             ... in the Orcish Mines.
             The game lasted 00:19:53 (9433 turns).

Lexodia the Basher (Gargoyle Archaeologist)         Turns: 9433, Time: 00:19:54

Health: -3/72      AC: 23    Str: 23    XL:     11   Next: 12%
Magic:  0/14       EV: 11    Int: 20    God:    Ashenzari [*.....]
Gold:   377        SH:  0    Dex:  8    Spells: 10/10 levels left

rFire    + . .     SeeInvis .   e - +0 whip (elec) (curse)
rCold    . . .     Gourm    .   (no shield)
rNeg     + + .     Faith    .   x - +2 ring mail {rF+} (curse)
rPois    ∞         Spirit   +   f - +2 hat of the Bear Spirit {Spirit, +Rage rN+ MR++} (curse)
rElec    +         Reflect  .   E - +0 cloak {MR+} (curse)
rCorr    .         Harm     .   d - +1 pair of gloves (curse)
MR       +++..                  c - +1 pair of boots (curse)
Stlth    ++........             u - amulet of magic regeneration (curse)
HPRegen  0.22/turn              (no ring)
MPRegen  0.39/turn              (no ring)

@: mighty, brilliant, very slightly contaminated, invisible
A: negative energy resistance 1, electricity resistance, unbreathing,
petrification resistance, rot immunity, AC +8
a: Curse Item, Scrying, Renounce Religion, Evoke Berserk Rage


You were in the Orcish Mines.
You worshipped Ashenzari.
Ashenzari was aware of your devotion.
You were not hungry.

You visited 3 branches of the dungeon, and saw 11 of its levels.

You collected 777 gold pieces.
You spent 400 gold pieces at shops.

Inventory:

Hand Weapons
 e - a cursed +0 whip of electrocution (weapon)
 q - a +4 flail
 v - the +1 quarterstaff of Conscience {crush, +Rage rPois rN+}
   (You found it on level 6 of the Dungeon)

   It inflicts extra damage upon your enemies.
   It protects you from poison.
   It protects you from negative energy.
   It lets you go berserk.
Armour
 c - a cursed +1 pair of boots (worn)
 d - a cursed +1 pair of gloves (worn)
 f - the cursed +2 hat of the Bear Spirit (worn) {Spirit, +Rage rN+ MR++}

   It protects you from negative energy.
   It affects your resistance to hostile enchantments.
   It lets you go berserk.
   It has a curse placed upon it.
 x - a cursed +2 ring mail of fire resistance (worn)
 E - a cursed +0 cloak of magic resistance (worn)
Jewellery
 u - a cursed amulet of magic regeneration (around neck)
 D - an uncursed ring of protection from cold
Wands
 l - a wand of paralysis (7)
 w - a wand of flame (13)
 y - a wand of polymorph (5)
 A - a wand of digging (4)
 F - a wand of disintegration (8)
Scrolls
 a - 2 scrolls of blinking {unknown}
 h - 9 scrolls of remove curse
 k - 4 scrolls of identify
 n - 5 scrolls of teleportation
 o - 2 scrolls of noise {unknown}
 p - 2 scrolls of magic mapping {unknown}
 s - 2 scrolls of enchant weapon
Potions
 b - a potion of resistance
 j - 5 potions of curing
 m - a potion of haste
 z - a potion of agility
 G - 2 potions of magic {unknown}
Comestibles
 g - 14 rations {!d}
 B - 5 chunks of flesh


   Skills:
 - Level 10.0 Fighting
 * Level 12.7 Maces & Flails
 * Level 4.2 Armour
 - Level 2.4 Dodging
 - Level 4.1 Stealth
 - Level 5.0 Evocations


You had 10 spell levels left.
You didn't know any spells.
Your spell library contained the following spells:

 Spells                   Type           Power        Failure   Level  Hunger
 Beastly Appendage        Tmut           ##....       3%          1    ##.....
 Shock                    Conj/Air       ##..         3%          1    ##.....
 Sticks to Snakes         Tmut           ##......     5%          2    ###....
 Swiftness                Chrm/Air       ##......     5%          2    ###....
 Spider Form              Tmut/Pois      ##........   10%         3    ####...
 Static Discharge         Conj/Air       ##......     10%         3    ####...
 Airstrike                Air            ##........   28%         4    #####..
 Ice Form                 Ice/Tmut       ##......     28%         4    #####..
 Blade Hands              Tmut           ##........   56%         5    ######.
 Lightning Bolt           Conj/Air       ##........   56%         5    ######.


Dungeon Overview and Level Annotations

Branches:
Dungeon (9/12)             Temple (1/1) D:7            Lair (0/6) D:7
    Orc (1/1) D:9
    Elf: Orc:1

Altars:
Ashenzari
Cheibriados
Dithmenos
Elyvilon
Fedhas
Gozag
Hepliaklqana
Kikubaaqudgha
Lugonu
Makhleb
Nemelex Xobeh
Okawaru
Qazlal
Ru
Sif Muna
Uskayaw
Vehumet
Wu Jian
Xom
Yredelemnul
Zin
The Shining One

Shops:
D:7 ((!(

Annotations:
D:6 1 runed door


Innate Abilities, Weirdness & Mutations

You are resistant to torment.
Your stone body is resilient. (AC +8)
You are immune to poison.
You resist negative energy. (rN+)
You are resistant to electric shocks. (rElec)
You can survive without breathing.
You are immune to petrification.
You are immune to rotting.


Message History

The orc knight hits you with a +0 broad axe!!
* * * LOW HITPOINT WARNING * * *
You hear a shout!
Unknown command.
You hit the orc knight.
Lightning courses through the orc knight!
You kill the orc knight!
Your Armour skill increases to level 4!
You hear a shout!
You strike the helpless orc warrior from behind!
You hit the orc warrior.
The orc warrior is lightly wounded.
The orc warrior completely misses you.
You hit the orc warrior but do no damage.
The orc warrior is lightly wounded.
You closely miss the orc wizard.
The orc wizard hits you with a +0 dagger.
* * * LOW HITPOINT WARNING * * *
The orc warrior hits you with a +0 mace!
You die...

#.$.# ## #...# #.#
#...## .. #....##
###.##### . #
##.....###.......#
..###.#..ooo.$##........
......#.o{o...#.<.......
.......o.#........#.....
.......@o#ooo....## #..
##....#####.......#
#..... #..o.....#
.........##o.........
... #....o†..#........
.# #....o...####.....
##.......# ##...
#........# ...
#.........


You could see an orc warrior, an orc wizard and 5 orcs.

Vanquished Creatures
  Pikel (D:9)
  An orc knight (Orc)
  Maurice (D:9)
  2 trolls
  Grinder (D:3)
  Sigmund (D:3)
  5 yaks
  A basilisk (D:7)
  5 porcupines (D:7)
  A slave (D:9)
  2 sky beasts (D:8)
  A black bear (D:7)
  An orc warrior (D:9)
  3 ogres
  An ice beast (D:5)
  4 centaurs
  2 crocodiles (D:7)
  2 big kobolds (D:7)
  4 bullfrogs (D:8)
  A gnoll sergeant (D:8)
  2 scorpions
  17 killer bees
  5 wights (D:7)
  6 crimson imps
  3 jellies
  2 hounds
  A centaur skeleton (D:7)
  3 orc priests
  Jessica (D:2)
  Ijyb (D:2)
  Terence (D:2)
  2 iguanas
  3 orc wizards
  5 worker ants
  2 hound skeletons
  A worker ant zombie (D:9)
  7 adders
  16 gnolls
  A howler monkey skeleton (D:8)
  3 shadow imps
  An adder zombie (D:6)
  3 worms
  8 leopard geckos
  21 orcs
  3 goblins
  13 hobgoblins
  19 jackals
  10 kobolds
  3 quokkas
  A ball python (D:1)
  10 bats
  3 frilled lizards
  4 rats
  2 fungi (D:5)
  2 toadstools (D:5)
225 creatures vanquished.

Vanquished Creatures (others)
  A yak (D:9)
  2 slaves (D:9)
  A jelly (D:9)
  3 orcs (D:9)
  A quokka (D:7)
  A bush (D:7)
  4 fungi (D:7)
  15 plants (D:7)
  3 toadstools (D:5)
31 creatures vanquished.

Grand Total: 256 creatures vanquished

Notes
Turn   | Place    | Note
-------+----------+-------------------------------------------
     0 | D:1      | Lexodia the Gargoyle Archaeologist began the quest for the
                  | Orb.
     0 | D:1      | Reached XP level 1. HP: 12/12 MP: 1/1
   690 | D:1      | Reached XP level 2. HP: 17/17 MP: 2/2
  1658 | D:2      | Reached XP level 3. HP: 7/23 MP: 3/3
  2249 | D:2      | Found a burning altar of Makhleb.
  2348 | D:2      | Noticed Jessica
  2355 | D:2      | Killed Jessica
  2355 | D:2      | Reached skill level 5 in Fighting
  2355 | D:2      | Reached XP level 4. HP: 24/31 MP: 4/4
  2579 | D:3      | Noticed Ijyb
  3128 | D:2      | Killed Ijyb
  3128 | D:2      | Reached XP level 5. HP: 9/37 MP: 5/5
  3500 | D:3      | Noticed Terence
  3508 | D:3      | Noticed Grinder
  3567 | D:3      | Noticed Sigmund
  3586 | D:2      | Killed Terence
  3775 | D:3      | Found a deep blue altar of Sif Muna.
  3821 | D:3      | Reached XP level 6. HP: 22/45 MP: 6/6
  3940 | D:4      | Found a blossoming altar of Fedhas.
  4002 | D:3      | Killed Sigmund
  4002 | D:3      | Reached XP level 7. HP: 29/51 MP: 4/7
  4150 | D:3      | Killed Grinder
  4150 | D:3      | Reached skill level 2 in Maces & Flails
  4426 | D:4      | Reached skill level 10 in Fighting
  4426 | D:4      | Reached skill level 3 in Maces & Flails
  4955 | D:4      | Reached XP level 8. HP: 57/57 MP: 8/8
  5345 | D:5      | Entered Level 5 of the Dungeon
  5401 | D:5      | Reached skill level 4 in Maces & Flails
  5401 | D:5      | Reached skill level 1 in Evocations
  5489 | D:5      | Reached skill level 5 in Maces & Flails
  6077 | D:6      | Got a slimy quarterstaff
  6081 | D:6      | Identified the cursed +1 quarterstaff of Conscience {crush,
                  | +Rage rPois rN+} (You found it on level 6 of the Dungeon)
  6147 | D:6      | Reached skill level 6 in Maces & Flails
  6173 | D:6      | Found a runed door.
  6175 | D:6      | Found a white marble altar of Elyvilon.
  6175 | D:6      | Noticed an angel
  6511 | D:7      | Reached XP level 9. HP: 56/62 MP: 9/11
  6575 | D:7      | Found a staircase to the Ecumenical Temple.
  6584 | D:7      | Reached skill level 7 in Maces & Flails
  6856 | D:7      | Found Aqaxzeim's Distillery.
  6867 | D:7      | Bought a potion of resistance for 160 gold pieces
  6867 | D:7      | Bought a potion of heal wounds for 80 gold pieces
  6867 | D:7      | Bought a potion of haste for 160 gold pieces
  6872 | D:7      | Found Taeted's Antique Weapon Boutique.
  6897 | Temple   | Entered the Ecumenical Temple
  7305 | Temple   | Became a worshipper of Ashenzari the Shackled
  7375 | D:7      | Reached skill level 8 in Maces & Flails
  7398 | D:7      | Reached skill level 5 in Evocations
  7407 | D:7      | Reached skill level 9 in Maces & Flails
  7418 | D:7      | Reached XP level 10. HP: 33/68 MP: 11/13
  7433 | D:7      | Reached skill level 10 in Maces & Flails
  7502 | D:7      | Found a staircase to the Lair.
  7869 | D:7      | Found Zofoq's Weapon Shoppe.
  8137 | D:7      | Found a white marble altar of Elyvilon.
  8159 | D:7      | Found Quseqadi's Weapon Emporium.
  8303 | D:8      | Reached skill level 11 in Maces & Flails
  9037 | D:9      | Noticed Maurice
  9074 | D:9      | Killed Maurice
  9074 | D:9      | Reached skill level 12 in Maces & Flails
  9290 | D:9      | Noticed Pikel
  9300 | D:9      | Killed Pikel
  9334 | D:9      | Reached XP level 11. HP: 64/72 MP: 14/14
  9354 | D:9      | Found a staircase to the Orcish Mines.
  9381 | Orc      | Entered the Orcish Mines
  9384 | Orc      | Noticed an orc knight
  9387 | Orc      | Reached * piety under Ashenzari
  9424 | Orc      | HP: 2/72 [orc warrior/+0 trident (17)]
  9430 | Orc      | Killed an orc knight
  9433 | Orc      | Slain by an orc warrior

Skill      XL: |  1  2  3  4  5  6  7  8  9 10 11 |
---------------+----------------------------------+-----
Fighting       | 2 3 5 6 8 9 10 | 10.0
Maces & Flails | 3 6 9 12 | 12.7
Stealth        | 4 |  4.1
Evocations     | 3 5 |  5.0
Armour         | 3 4 |  4.2
Dodging        | |  2.4

Action                   |  1- 3 |  4- 6 |  7- 9 | 10-12 || total
-------------------------+-------+-------+-------+-------++-------
Melee: Unarmed           |   245 |    62 |       |       ||   307
       Spear             |   132 |   398 |    18 |       ||   548
       Whip              |       |       |   403 |   453 ||   856
       Quarterstaff      |       |       |     2 |       ||     2
Invok: Curse Item        |       |       |     6 |     1 ||     7
 Abil: Evoke Berserk Rag |       |       |     1 |       ||     1
Evoke: Wand              |       |       |       |     1 ||     1
  Use: Potion            |       |     3 |       |     5 ||     8
       Scroll            |       |       |     2 |     5 ||     7
 Stab: Sleeping          |     5 |       |     2 |       ||     7
       Invisible         |       |       |       |     6 ||     6
       Distracted        |       |       |       |     1 ||     1
  Eat: Chunk             |     5 |     6 |     8 |     8 ||    27
       Ration            |       |       |     1 |       ||     1
Armor: Robe              |   137 |       |       |       ||   137
       Scale mail        |    76 |    36 |       |       ||   112
       Skin              |       |     3 |       |       ||     3
       Ring mail         |       |   228 |   247 |   185 ||   660
Dodge: Dodged            |   256 |   244 |   245 |   183 ||   928
